 Dungeon Crawl Stone Soup version 0.30-a0-169-g06f667207d (webtiles) character file.

Game seed: 10197107191923397062

10772 qw the Cleaver (level 11, -2/71 HPs)
             Began as a Gargoyle Fighter on Sept 30, 2022.
             Was an Elder of Okawaru.
             Slain by a five-headed hydra (7 damage)
             ... on level 2 of the Lair of Beasts.
             The game lasted 00:03:21 (9029 turns).

qw the Cleaver (Gargoyle Fighter)                   Turns: 9029, Time: 00:03:21

Health: -2/71      AC: 27    Str: 19    XL:     11   Next: 67%
Magic:  14/14      EV:  3    Int: 12    God:    Okawaru [****..]
Gold:   516        SH:  5    Dex: 15    Spells: 10/10 levels left

rFire   . . .      SeeInvis +    g - +0 morningstar
rCold   + . .      Faith    .    c - +0 buckler
rNeg    + . .      Spirit   .    x - +4 plate armour
rPois   inf        Reflect  .    f - +2 hat {SInv}
rElec   +          Harm     .    e - scarf {repulsion}
rCorr   .          Rampage  .    (no gloves)
Will    .....                    (no boots)
Stlth   ..........               (no amulet)
HPRegen 0.21/turn                q - ring "Uduexte" {Fly Str-5 Int+3 Dex+6}
MPRegen 0.14/turn                k - ring of protection from cold

@: about to teleport, grasped by roots, flying, constricted, repel missiles
A: sickness immunity, AC +8, negative energy resistance 1, electricity
resistance, torment resistance 1, petrification resistance
a: Renounce Religion, Heroism, Finesse


You were on level 2 of the Lair of Beasts.
You worshipped Okawaru.
Okawaru was greatly pleased with you.
You visited 3 branches of the dungeon, and saw 11 of its levels.

You collected 681 gold pieces.
You spent 165 gold pieces at shops.


Innate Abilities, Weirdness & Mutations

You are immune to sickness and miasma.
Your stone body is resilient. (AC +8)
You are immune to poison.
You resist negative energy. (rN+)
You are resistant to electric shocks. (rElec)
You are resistant to unholy torment.
You are immune to petrification.


   Skills:
 + Level 9.5 Fighting
 - Level 12.0 Axes
 - Level 1.1 Throwing
 - Level 8.0 Armour
 - Level 2.0 Dodging
 - Level 6.0 Shields
 + Level 5.0 Invocations


You had 10 spell levels left.
You didn't know any spells.
Your spell library was empty.

Inventory:

Hand Weapons
 g - a +0 morningstar (weapon)
 m - a +0 spectral war axe
Armour
 c - a +0 buckler (worn)
 e - a scarf of repulsion (worn)
 f - a +2 hat of see invisible (worn)
 h - a +2 helmet
 x - a +4 plate armour (worn)
Jewellery
 j - a ring of positive energy
 k - a ring of protection from cold (right hand)
 q - the ring "Uduexte" (left hand) {Fly Str-5 Int+3 Dex+6}
   (You acquired it on level 5 of the Dungeon)

   [ring of dexterity]

   Str:       It affects your strength (-5).
   Int:       It affects your intelligence (+3).
   Dex:       It affects your dexterity (+6).
   Fly:       It grants you flight.
 r - a ring of resist corrosion
 s - a +6 ring of dexterity
Scrolls
 a - 7 scrolls of identify
 n - 12 scrolls of teleportation
Potions
 b - a potion of lignification
 d - 2 potions of might
 l - a potion of cancellation
 o - a potion of resistance
 p - a potion of curing
 t - 2 potions of heal wounds
 u - a potion of magic
 v - a potion of attraction
 w - a potion of mutation

Dungeon Overview and Level Annotations

Branches:
Dungeon (8/15)             Temple (1/1) D:7            Lair (2/5) D:8
  Swamp: Lair:2-3    Shoals: Lair:2-3     Snake: Lair:2-3    Spider: Lair:2-3

Altars:
Ashenzari
Cheibriados
Dithmenos
Elyvilon
Gozag
Hepliaklqana
Kikubaaqudgha
Makhleb
Nemelex Xobeh
Okawaru
Qazlal
Ru
Sif Muna
Trog
Uskayaw
Wu Jian
Xom
Yredelemnul
Zin
The Shining One

Shops:
D:2 ?

Annotations:
D:6 3 runed translucent doors, qw's ghost, novice GrFi
Lair:2 Amaemon


Message History

You block the five-headed hydra's attack.
The five-headed hydra bites you but does no damage.
The grasping roots constrict you! You block the orange demon's attack.
You thump Amaemon!
Amaemon is moderately wounded.
You block the five-headed hydra's attack.
The five-headed hydra bites you but does no damage.
You block the five-headed hydra's attack. x2
The five-headed hydra bites you.
The grasping roots release their grip on you.
You thump Amaemon!
Amaemon is moderately wounded.
Amaemon zaps a wand.
The roots erupt in riotous growth!
The grasping roots grab you!
Amaemon is unaffected.
The five-headed hydra is unaffected.
The grasping roots constrict you.
The orange demon stings you but does no damage.
The five-headed hydra bites you but does no damage. x3
You block the five-headed hydra's attack.
The five-headed hydra bites you but does no damage.
You hear an angry hiss.
You completely miss Amaemon.
Amaemon is moderately wounded.
Amaemon hits you with a -2 demon whip of venom!
Amaemon claws you.
Amaemon tail-slaps you but does no damage.
The grasping roots constrict you. You block the orange demon's attack.
The five-headed hydra bites you but does no damage.
You block the five-headed hydra's attack.
The five-headed hydra bites you but does no damage. x2
You block the five-headed hydra's attack.
9029 ||| READING 13 scrolls of teleportation.
As you read the scroll of teleportation, it crumbles to dust.
You feel strangely unstable.
You feel like a meek peon again.
You block Amaemon's attack. x3; The grasping roots constrict you.
The orange demon stings you but does no damage.
The five-headed hydra bites you but does no damage. x3
The five-headed hydra bites you!
You die...

.######## ...#..
###.##..##...#..#...
..............#..###..#..#
..............#.$.....#..##
.#######.......##...##....## ..
.# #..........# #....... !.. .#
##.......4..# .....P# #...
..####.........6D#####....###....
..##.#'##......%@................
.#.#.....#......%##.P.#.<........
.#........#......# ##..........
....#.##....F....# ##.#..#..#..
....#...##.##....# #...### ##
#...........#....# ##)##
#...........####.## #..# #
..##.8.8^#....#.8.## #.#####.#
..%.......#........# ##........


You could see Amaemon, a five-headed hydra, an orange demon (curare) and a
bullfrog.

Vanquished Creatures
  Gastronok (Lair:1)
  2 cane toads (Lair:2)
  A torpor snail (Lair:2)
  2 komodo dragons
  A meliai (Lair:2)
  3 wyverns
  21 yaks
  A steam dragon (Lair:2)
  A basilisk (Lair:2)
  Menkaure (D:5)
  An acid dragon (D:8)
  3 water moccasins
  Duvessa (D:5)
  A hornet zombie (D:6)
  4 ice beasts
  2 orc warriors
  A black bear (D:5)
  2 sky beasts
  An ogre (D:5)
  3 centaurs
  A kobold brigand (D:6)
  A gnoll sergeant (D:7)
  12 bullfrogs
  5 scorpions
  Dowan (D:5)
  7 killer bees
  A howler monkey (D:4)
  An electric eel (Lair:2)
  4 hounds
  A jelly (D:6)
  4 quasits (D:6)
  3 gnoll boudas
  2 iguanas
  An orc wizard (D:8)
  A killer bee zombie (D:6)
  A mummy (D:5)
  18 gnolls
  5 adders
  2 shadow imps
  5 white imps (D:6)
  2 ufetubi (D:6)
  2 worms (D:4)
  3 dart slugs
  16 orcs
  6 endoplasms
  A giant cockroach (D:3)
  9 goblins
  9 hobgoblins
  5 jackals
  10 kobolds
  5 quokkas
  3 ball pythons
  2 bats (D:1)
  5 frilled lizards
  A kobold zombie (D:5)
  3 orc zombies (D:5)
  3 rats (D:2)
214 creatures vanquished.

Vanquished Creatures (others)
  7 fungi
  16 plants
23 creatures vanquished.

Grand Total: 237 creatures vanquished

Notes
Turn   | Place    | Note
-------+----------+-------------------------------------------
     0 | D:1      | qw the Gargoyle Fighter began the quest for the Orb.
     0 | D:1      | Reached XP level 1. HP: 14/14 MP: 1/1
     0 | D:1      | 0 ||| qw: Version: 0.2-a-12-gaebbb33
     0 | D:1      | 0 ||| qw: Game counter: 1389
     0 | D:1      | 0 ||| qw: Always use a shield: true
     0 | D:1      | 0 ||| qw: God list: Okawaru
     0 | D:1      | 0 ||| qw: Allow faded altars: false
     0 | D:1      | 0 ||| qw: Do Orc after D:15 true
     0 | D:1      | 0 ||| qw: Do second Lair branch before Depths: true
     0 | D:1      | 0 ||| qw: Lair rune preference: random
     0 | D:1      | 0 ||| qw: Plans: Normal, Zot:1-4, God:TSO, Crypt, Tomb,
                  | Pan, Slime:5, Hells, Abyss, Orb
     0 | D:1      | 0 ||| PLANNING D:1-11
    29 | D:1      | Reached skill level 2 in Axes
   217 | D:1      | Reached XP level 2. HP: 19/19 MP: 2/2
   347 | D:1      | 347 ||| Stepping ~*~*~tactically~*~*~ (stealth).
   351 | D:1      | 351 ||| Stepping ~*~*~tactically~*~*~ (stealth).
   399 | D:1      | 399 ||| Stepping ~*~*~tactically~*~*~ (hiding).
   691 | D:1      | 691 ||| UPGRADING to +2 helmet.
   696 | D:1      | 696 ||| UPGRADING to +0 chain mail.
   706 | D:1      | 706 ||| DROPPING +0 scale mail.
   707 | D:1      | 707 ||| READING 2 scrolls labelled MUSIT LUKHO.
   708 | D:1      | 708 ||| READING scroll labelled KODILO XUURPHILIMP.
   744 | D:2      | 744 ||| STAIRDANCE
   751 | D:1      | Reached skill level 3 in Axes
   828 | D:2      | Reached XP level 3. HP: 19/23 MP: 3/3
   828 | D:2      | 828 ||| STAIRDANCE
   949 | D:2      | 949 ||| Stepping ~*~*~tactically~*~*~ (stealth).
   975 | D:2      | Found a faded altar of an unknown god.
  1136 | D:2      | Found Umoasef's Magic Scroll Shop.
  1156 | D:2      | 1156 ||| Stepping ~*~*~tactically~*~*~ (stealth).
  1157 | D:2      | 1157 ||| BUYING scroll of enchant armour (75 gold).
  1157 | D:2      | Bought a scroll of enchant armour for 75 gold pieces
  1157 | D:2      | 1157 ||| BUYING scroll of teleportation (30 gold).
  1157 | D:2      | Bought a scroll of teleportation for 30 gold pieces
  1157 | D:2      | 1157 ||| BUYING scroll of teleportation (30 gold).
  1157 | D:2      | Bought a scroll of teleportation for 30 gold pieces
  1157 | D:2      | 1157 ||| BUYING scroll of teleportation (30 gold).
  1157 | D:2      | Bought a scroll of teleportation for 30 gold pieces
  1330 | D:2      | Reached skill level 1 in Throwing
  1448 | D:2      | Found a shimmering altar of Xom.
  1558 | D:2      | 1558 ||| READING scroll labelled TAP TYUR AMP.
  1559 | D:2      | 1559 ||| READING scroll labelled QOVUVE XUCYUSSIUCS.
  1560 | D:2      | 1560 ||| READING scroll labelled ENAQAO OXEOR.
  1561 | D:2      | 1561 ||| READING 2 scrolls of identify.
  1561 | D:2      | 1561 ||| IDENTIFYING murky red potion
  1630 | D:3      | 1630 ||| Stepping ~*~*~tactically~*~*~ (stealth).
  1635 | D:3      | Reached XP level 4. HP: 27/28 MP: 4/4
  1638 | D:3      | Reached skill level 4 in Axes
  1694 | D:3      | 1694 ||| DROPPING +0 whip.
  1780 | D:3      | Reached XP level 5. HP: 30/32 MP: 5/5
  1912 | D:3      | 1912 ||| Stepping ~*~*~tactically~*~*~ (stealth).
  1953 | D:3      | 1953 ||| Stepping ~*~*~tactically~*~*~ (stealth).
  1958 | D:3      | 1958 ||| FLEEEEING.
  1959 | D:3      | 1959 ||| FLEEEEING.
  1960 | D:3      | 1960 ||| FLEEEEING.
  1961 | D:3      | 1961 ||| FLEEEEING.
  1962 | D:3      | 1962 ||| FLEEEEING.
  1963 | D:3      | 1963 ||| FLEEEEING.
  1964 | D:3      | 1964 ||| FLEEEEING.
  1965 | D:3      | 1965 ||| STAIRDANCE
  2004 | D:2      | 2004 ||| UPGRADING to ring of protection from cold.
  2005 | D:2      | 2005 ||| READING 3 scrolls labelled TUADDU ZAOSHO.
  2006 | D:2      | 2006 ||| DRINKING 2 fizzy golden potions.
  2007 | D:2      | 2007 ||| READING 3 scrolls of identify.
  2007 | D:2      | 2007 ||| IDENTIFYING fizzy cyan potion
  2008 | D:2      | 2008 ||| READING 2 scrolls of identify.
  2008 | D:2      | 2008 ||| IDENTIFYING smoky blue potion
  2009 | D:2      | 2009 ||| DROPPING potion of ambrosia.
  2010 | D:2      | 2010 ||| DROPPING 2 scrolls of summoning.
  2016 | D:3      | Reached skill level 5 in Axes
  2120 | D:3      | 2120 ||| READING 2 scrolls of identify.
  2120 | D:3      | 2120 ||| IDENTIFYING bubbling puce potion
  2164 | D:4      | 2164 ||| STAIRDANCE
  2315 | D:4      | 2315 ||| Stepping ~*~*~tactically~*~*~ (stealth).
  2317 | D:4      | Noticed a sky beast
  2325 | D:4      | Killed a sky beast
  2326 | D:4      | Reached XP level 6. HP: 35/39 MP: 6/6
  2801 | D:4      | 2801 ||| DROPPING +3 mace.
  3212 | D:4      | 3212 ||| UPGRADING to ring of resist corrosion.
  3213 | D:4      | 3213 ||| READING scroll labelled VYIFUS LO CEO.
  3214 | D:4      | 3214 ||| READING 2 scrolls of identify.
  3214 | D:4      | 3214 ||| IDENTIFYING bubbling blue potion
  3215 | D:4      | 3215 ||| DROPPING potion of berserk rage.
  3226 | D:5      | Entered Level 5 of the Dungeon
  3247 | D:5      | Noticed an orc warrior
  3248 | D:5      | 3248 ||| Stepping ~*~*~tactically~*~*~ (hiding).
  3249 | D:5      | 3249 ||| Stepping ~*~*~tactically~*~*~ (hiding).
  3250 | D:5      | 3250 ||| Stepping ~*~*~tactically~*~*~ (hiding).
  3257 | D:5      | Killed an orc warrior
  3258 | D:5      | Reached XP level 7. HP: 35/44 MP: 7/7
  3258 | D:5      | 3258 ||| FLEEEEING.
  3259 | D:5      | 3259 ||| FLEEEEING.
  3260 | D:5      | 3260 ||| FLEEEEING.
  3261 | D:5      | 3261 ||| FLEEEEING.
  3262 | D:5      | 3262 ||| FLEEEEING.
  3263 | D:5      | 3263 ||| FLEEEEING.
  3264 | D:5      | 3264 ||| FLEEEEING.
  3265 | D:5      | 3265 ||| FLEEEEING.
  3266 | D:5      | 3266 ||| STAIRDANCE
  3339 | D:5      | 3339 ||| DROPPING +2 whip of electrocution.
  3351 | D:5      | Reached skill level 6 in Axes
  3424 | D:5      | Reached skill level 1 in Dodging
  3609 | D:5      | 3609 ||| Stepping ~*~*~tactically~*~*~ (hiding).
  3902 | D:5      | Noticed Menkaure
  3915 | D:5      | Killed Menkaure
  3916 | D:5      | Reached skill level 7 in Axes
  4052 | D:5      | Reached XP level 8. HP: 50/50 MP: 8/8
  4091 | D:5      | Noticed Duvessa
  4091 | D:5      | Noticed Dowan
  4097 | D:5      | Killed Dowan
  4097 | D:5      | Killed Duvessa
  4192 | D:5      | 4192 ||| READING scroll labelled IMECIS TOMP.
  4192 | D:5      | Identified a scroll of acquirement
  4192 | D:5      | 4192 ||| ACQUIRING ring "Uduexte" {Fly Str-5 Int+3 Dex+6}
  4192 | D:5      | Acquired the ring "Uduexte" {Fly Str-5 Int+3 Dex+6}
  4194 | D:5      | 4194 ||| UPGRADING to ring "Uduexte" {Fly Str-5 Int+3
                  | Dex+6}.
  4196 | D:5      | 4196 ||| UPGRADING to ring of protection from cold.
  4198 | D:5      | 4198 ||| READING scroll labelled KIOXAE KINOTT.
  4199 | D:5      | 4199 ||| READING 3 scrolls labelled GUDWATWANI.
  4200 | D:5      | 4200 ||| DRINKING 2 sedimented sapphire potions.
  4201 | D:5      | 4201 ||| DROPPING potion of degeneration.
  4202 | D:5      | 4202 ||| DROPPING 2 scrolls of blinking.
  4280 | D:6      | 4280 ||| STAIRDANCE
  4284 | D:5      | Reached skill level 8 in Axes
  4421 | D:6      | Reached skill level 6 in Fighting
  4537 | D:6      | 4537 ||| DROPPING +0 flail.
  4575 | D:6      | Reached XP level 9. HP: 55/55 MP: 9/9
  4667 | D:6      | 4667 ||| Stepping ~*~*~tactically~*~*~ (stealth).
  4668 | D:6      | 4668 ||| Stepping ~*~*~tactically~*~*~ (stealth).
  4671 | D:6      | 4671 ||| Stepping ~*~*~tactically~*~*~ (stealth).
  4676 | D:6      | 4676 ||| Stepping ~*~*~tactically~*~*~ (stealth).
  4680 | D:6      | Reached skill level 9 in Axes
  4788 | D:6      | Found a runed translucent gate.
  4788 | D:6      | Found a runed translucent gate.
  4788 | D:6      | Found a runed translucent gate.
  4788 | D:6      | Noticed qw's ghost (novice GrFi)
  4790 | D:6      | 4790 ||| DRINKING 2 orange potions.
  4826 | D:6      | 4826 ||| READING 2 scrolls of identify.
  4826 | D:6      | 4826 ||| IDENTIFYING smoky white potion
  4827 | D:6      | 4827 ||| DROPPING potion of invisibility.
  4828 | D:6      | 4828 ||| DROPPING potion of magic.
  4829 | D:6      | Found a basalt altar of Yredelemnul.
  4830 | D:6      | 4830 ||| Stepping ~*~*~tactically~*~*~ (stealth).
  4831 | D:6      | 4831 ||| READING 9 scrolls of teleportation.
  5251 | D:7      | 5251 ||| Stepping ~*~*~tactically~*~*~ (stealth).
  5266 | D:7      | 5266 ||| Stepping ~*~*~tactically~*~*~ (stealth).
  5318 | D:7      | Found a staircase to the Ecumenical Temple.
  5319 | D:7      | 5319 ||| PLANNING TEMPLE
  5319 | D:7      | 5319 ||| UPGRADING to scarf of repulsion.
  5329 | Temple   | Entered the Ecumenical Temple
  5330 | Temple   | 5330 ||| PLANNING OKAWARU WORSHIP
  5381 | Temple   | Became a worshipper of Warmaster Okawaru
  5382 | Temple   | 5382 ||| PLANNING D:1-11
  5608 | D:7      | Found a sparkling altar of Nemelex Xobeh.
  5740 | D:7      | 5740 ||| Stepping ~*~*~tactically~*~*~ (stealth).
  5742 | D:7      | 5742 ||| Stepping ~*~*~tactically~*~*~ (hiding).
  5745 | D:7      | 5745 ||| Stepping ~*~*~tactically~*~*~ (hiding).
  6067 | D:7      | Found a bloodstained altar of Trog.
  6067 | D:7      | Found an opulent altar of Gozag.
  6215 | D:8      | Noticed a komodo dragon
  6219 | D:8      | Reached skill level 10 in Axes
  6220 | D:8      | 6220 ||| FLEEEEING.
  6225 | D:8      | Killed a komodo dragon
  6227 | D:8      | 6227 ||| STAIRDANCE
  6371 | D:8      | Reached * piety under Okawaru
  6413 | D:8      | Reached skill level 1 in Invocations
  6509 | D:8      | 6509 ||| Stepping ~*~*~tactically~*~*~ (stealth).
  6513 | D:8      | 6513 ||| Stepping ~*~*~tactically~*~*~ (stealth).
  6520 | D:8      | Reached XP level 10. HP: 64/64 MP: 11/11
  6527 | D:8      | 6527 ||| INVOKING Heroism.
  6548 | D:8      | 6548 ||| Stepping ~*~*~tactically~*~*~ (stealth).
  6554 | D:8      | 6554 ||| Stepping ~*~*~tactically~*~*~ (stealth).
  6555 | D:8      | 6555 ||| Stepping ~*~*~tactically~*~*~ (hiding).
  6556 | D:8      | 6556 ||| Stepping ~*~*~tactically~*~*~ (hiding).
  6560 | D:8      | 6560 ||| INVOKING Heroism.
  6575 | D:8      | Reached skill level 3 in Invocations
  6811 | D:8      | 6811 ||| DRINKING 2 potions of curing.
  6811 | D:8      | 6811 ||| (to cure confusion)
  6814 | D:8      | 6814 ||| INVOKING Heroism.
  6889 | D:8      | Found a staircase to the Lair.
  6890 | D:8      | 6890 ||| INVOKING Heroism.
  7070 | D:8      | Found an ornate altar of the Wu Jian Council.
  7167 | D:8      | 7167 ||| PLANNING LAIR
  7167 | D:8      | 7167 ||| UPGRADING to +0 plate armour.
  7177 | D:8      | 7177 ||| DROPPING +0 chain mail.
  7178 | D:8      | 7178 ||| READING 2 scrolls of enchant armour.
  7178 | D:8      | 7178 ||| ENCHANTING +0 plate armour.
  7179 | D:8      | 7179 ||| READING scroll of enchant armour.
  7179 | D:8      | 7179 ||| ENCHANTING +1 plate armour.
  7180 | D:8      | 7180 ||| DRINKING 2 black potions.
  7181 | D:8      | 7181 ||| DRINKING 2 white potions.
  7182 | D:8      | 7182 ||| READING 5 scrolls of identify.
  7182 | D:8      | 7182 ||| IDENTIFYING smoky inky potion
  7216 | Lair:1   | Entered Level 1 of the Lair of Beasts
  7231 | Lair:1   | 7231 ||| INVOKING Heroism.
  7239 | Lair:1   | Reached skill level 6 in Armour
  7241 | Lair:1   | Reached ** piety under Okawaru
  7298 | Lair:1   | Noticed Gastronok
  7299 | Lair:1   | 7299 ||| INVOKING Heroism.
  7312 | Lair:1   | Killed Gastronok
  7313 | Lair:1   | Reached skill level 11 in Axes
  7497 | Lair:1   | Reached XP level 11. HP: 66/69 MP: 14/14
  7528 | Lair:1   | 7528 ||| INVOKING Heroism.
  7537 | Lair:1   | Reached *** piety under Okawaru
  7538 | Lair:1   | Reached skill level 9 in Fighting
  7745 | Lair:1   | 7745 ||| INVOKING Heroism.
  8042 | Lair:1   | 8042 ||| UPGRADING to +2 hat of see invisible.
  8168 | Lair:2   | 8168 ||| READING 2 scrolls of enchant armour.
  8168 | Lair:2   | 8168 ||| ENCHANTING +2 plate armour.
  8169 | Lair:2   | 8169 ||| READING scroll of enchant armour.
  8169 | Lair:2   | 8169 ||| ENCHANTING +3 plate armour.
  8347 | Lair:2   | 8347 ||| INVOKING Heroism.
  8395 | Lair:2   | 8395 ||| INVOKING Heroism.
  8405 | Lair:2   | 8405 ||| Stepping ~*~*~tactically~*~*~ (cloud).
  8450 | Lair:2   | 8450 ||| FLEEEEING.
  8451 | Lair:2   | 8451 ||| FLEEEEING.
  8452 | Lair:2   | 8452 ||| FLEEEEING.
  8453 | Lair:2   | 8453 ||| FLEEEEING.
  8454 | Lair:2   | 8454 ||| FLEEEEING.
  8455 | Lair:2   | 8455 ||| FLEEEEING.
  8456 | Lair:2   | 8456 ||| FLEEEEING.
  8457 | Lair:2   | 8457 ||| FLEEEEING.
  8458 | Lair:2   | 8458 ||| FLEEEEING.
  8459 | Lair:2   | 8459 ||| FLEEEEING.
  8460 | Lair:2   | 8460 ||| FLEEEEING.
  8461 | Lair:2   | 8461 ||| FLEEEEING.
  8462 | Lair:2   | 8462 ||| FLEEEEING.
  8463 | Lair:2   | 8463 ||| FLEEEEING.
  8464 | Lair:2   | 8464 ||| FLEEEEING.
  8465 | Lair:2   | 8465 ||| FLEEEEING.
  8466 | Lair:2   | 8466 ||| FLEEEEING.
  8467 | Lair:2   | 8467 ||| FLEEEEING.
  8468 | Lair:2   | 8468 ||| FLEEEEING.
  8469 | Lair:2   | 8469 ||| FLEEEEING.
  8470 | Lair:2   | 8470 ||| FLEEEEING.
  8471 | Lair:2   | 8471 ||| FLEEEEING.
  8472 | Lair:2   | 8472 ||| FLEEEEING.
  8473 | Lair:2   | 8473 ||| FLEEEEING.
  8474 | Lair:2   | 8474 ||| FLEEEEING.
  8475 | Lair:2   | 8475 ||| STAIRDANCE
  8526 | Lair:2   | 8526 ||| STAIRDANCE
  8530 | Lair:1   | 8530 ||| INVOKING Heroism.
  8693 | Lair:2   | 8693 ||| Stepping ~*~*~tactically~*~*~ (stealth).
  8695 | Lair:2   | 8695 ||| Stepping ~*~*~tactically~*~*~ (stealth).
  8700 | Lair:2   | 8700 ||| Stepping ~*~*~tactically~*~*~ (stealth).
  8701 | Lair:2   | 8701 ||| Stepping ~*~*~tactically~*~*~ (stealth).
  8702 | Lair:2   | 8702 ||| Stepping ~*~*~tactically~*~*~ (stealth).
  8703 | Lair:2   | 8703 ||| Stepping ~*~*~tactically~*~*~ (hiding).
  8704 | Lair:2   | 8704 ||| INVOKING Heroism.
  8710 | Lair:2   | Reached skill level 12 in Axes
  8719 | Lair:2   | Reached **** piety under Okawaru
  8721 | Lair:2   | Reached skill level 6 in Shields
  8845 | Lair:2   | 8845 ||| INVOKING Heroism.
  9011 | Lair:2   | 9011 ||| INVOKING Heroism.
  9012 | Lair:2   | Noticed Amaemon
  9015 | Lair:2   | Noticed a five-headed hydra
  9022 | Lair:2   | 9022 ||| SWAPPING to +0 morningstar.
  9028 | Lair:2   | HP: 17/71 [Amaemon/-2 demon whip of venom (8)]
  9028 | Lair:2   | HP: 5/71 [constriction (6)]
  9029 | Lair:2   | 9029 ||| READING 13 scrolls of teleportation.
  9029 | Lair:2   | Slain by a five-headed hydra

Levels and vault maps discovered:
D:1:      dpeg_arrival_pits, layout_basic, minmay_heptomino_h4
D:2:      layout_loops_ring, serial_shops, shop,
          ebering_ecumenical_altar_abandoned, basic_altar
D:3:      layout_basic
D:4:      layout_layer_cave
D:5:      layout_rooms, minmay_misc_feat_roman, minmay_mini_ossuary,
          uniq_duvessa, uniq_menkaure, uniq_crazy_yiuf_cottage
D:6:      layout_cave_pools, nicolae_yredelemnul_ghost_church, serial_demonic,
          serial_demonic_a, serial_demonic_f, serial_demonic_c,
          serial_demonic_b, serial_demonic_c, serial_demonic_c
D:7:      layout_loops_ring, lemuel_tele_altar,
          gammafunk_temple_overflow_statue, minmay_temple_entry_gardened_gates,
          serial_park_tiny_1
D:8:      layout_rooms, nicolae_wu_jian_immortal_techniques,
          grunt_lair_entry_orc_guard_hut, chequers_serial_rivers_small_b,
          minmay_misc_feat_square
Temple:   eino_wide_crystal_templ
Lair:1:   layout_hall_layers, uniq_gastronok
Lair:2:   layout_small_grid, hellmonk_spider_entry_not_the_bees,
          serial_bayou_ford_a, minmay_hedge_maze, grunt_megastairs_2,
          infiniplex_staircase_pool_2, uniq_amaemon

Skill      XL: |  1  2  3  4  5  6  7  8  9 10 11 |
---------------+----------------------------------+-----
Axes           | 2 3 4 5 7 8 10 11 12 | 12.0
Throwing       | 1 |  1.1
Fighting       | 4 5 6 7 8 9 |  9.5
Dodging        | 1 2 |  2.0
Armour         | 4 5 7 8 |  8.0
Shields        | 4 5 6 |  6.0
Invocations    | 1 4 5 |  5.0

Action                   |  1- 3 |  4- 6 |  7- 9 | 10-12 || total
-------------------------+-------+-------+-------+-------++-------
Melee: War axe           |    88 |    56 |   183 |   151 ||   478
       Morningstar       |       |       |       |     6 ||     6
Throw: Javelin           |    18 |    13 |       |       ||    31
       Boomerang         |    18 |    24 |       |       ||    42
Invok: Heroism           |       |       |       |    14 ||    14
  Use: Scroll            |     6 |     6 |     5 |     6 ||    23
       Potion            |       |     1 |     2 |     3 ||     6
 Stab: Distracted        |       |       |     2 |     5 ||     7
Armor: Scale mail        |    12 |       |       |       ||    12
       Chain mail        |    33 |    24 |   106 |    27 ||   190
       Plate armour      |       |       |       |    80 ||    80
Dodge: Dodged            |    31 |    14 |    47 |    55 ||   147
       Repelled          |       |       |       |     1 ||     1
Block: Buckler           |    13 |     6 |    31 |    44 ||    94

Table legend:
 A = Non-vault XP
 B = Vault XP
 C = Vault XP percentage of total XP
 D = Non-vault monster count
 E = Vault monster count
 F = Vault count percentage of total count
                 A         B        C        D         E       F
            +---------+---------+-------+---------+---------+-------
      Total |   10615 |    4774 |  31.0 |     174 |      40 |  18.7
            +---------+---------+-------+---------+---------+-------
        D:1 |      23 |       7 |  23.3 |      14 |       3 |  17.6
        D:2 |      45 |       0 |   0.0 |      20 |       0 |   0.0
        D:3 |     198 |       0 |   0.0 |      24 |       0 |   0.0
        D:4 |     238 |       0 |   0.0 |      17 |       0 |   0.0
        D:5 |     818 |     416 |  33.7 |      15 |       8 |  34.8
        D:6 |     745 |     421 |  36.1 |      17 |      14 |  45.2
        D:7 |     897 |       0 |   0.0 |      18 |       0 |   0.0
        D:8 |    2189 |     655 |  23.0 |      21 |       4 |  16.0
     Lair:1 |    3524 |    1492 |  29.7 |      17 |       1 |   5.6
     Lair:2 |    1938 |    1783 |  47.9 |      11 |      10 |  47.6
            +---------+---------+-------+---------+---------+-------
